 Dungeon Crawl Stone Soup version 0.25-a0-1056-g2efb326896 (webtiles) character file.

Game seed: 1104177155372913334, levelgen mode: deterministic

214 wullow the Shield-Bearer (level 5, -1/42 HPs)
             Began as a Demonspawn Fighter on May 13, 2020.
             Killed from afar by Ijyb (7 damage)
             ... with a puff of flame
             ... on level 3 of the Dungeon.
             The game lasted 00:03:25 (2393 turns).

wullow the Shield-Bearer (Demonspawn Fighter)       Turns: 2393, Time: 00:03:26

Health: -1/42      AC:  9    Str: 17    XL:     5   Next: 59%
Magic:  5/5        EV:  7    Int:  9    God:
Gold:   110        SH:  9    Dex: 13    Spells: 4/4 levels left

rFire    . . .     SeeInvis .   a - +0 rapier
rCold    . . .     Gourm    .   c - +0 kite shield
rNeg     . . .     Faith    .   b - +0 scale mail
rPois    .         Spirit   .   (helmet restricted)
rElec    .         Reflect  .   (no cloak)
rCorr    .         Harm     .   (no gloves)
MR       .....                  (no boots)
Stlth    ..........             (no amulet)
HPRegen  0.14/turn              (no ring)
MPRegen  0.09/turn              (no ring)

@: lethally poisoned (-1 -> -6)
A: antennae 1, thin metallic scales 2, demonic guardian 1
a: no special abilities


You were on level 3 of the Dungeon.
You were not hungry.

You visited 1 branch of the dungeon, and saw 3 of its levels.

You collected 110 gold pieces.

Inventory:

Hand Weapons
 a - a +0 rapier (weapon)
 j - a +0 dagger
Missiles
 g - 20 stones
 k - 12 poisoned darts (quivered)
Armour
 b - a +0 scale mail (worn)
 c - a +0 kite shield (worn)
Jewellery
 s - an uncursed ring of resist corrosion {unknown}
Scrolls
 e - a scroll of noise {unknown}
 i - 8 scrolls of identify {unknown}
 l - a scroll of magic mapping {unknown}
 m - 2 scrolls of amnesia {unknown}
 n - a scroll of teleportation {unknown}
 p - a scroll of random uselessness {unknown}
Potions
 d - a potion of might
 h - 2 potions of ambrosia {unknown}
 o - a potion of flight {unknown}
 r - a potion of brilliance {unknown}
 u - a potion of invisibility {unknown}
Comestibles
 f - 5 rations
 q - 2 chunks of flesh


   Skills:
 + Level 3.7 Fighting
 * Level 3.5 Short Blades
 - Level 3.0 Armour
 * Level 4.1 Shields


You had 4 spell levels left.
You didn't know any spells.
Your spell library was empty.

Dungeon Overview and Level Annotations

Branches:
Dungeon (3/15)

Altars:
Cheibriados
Gozag
Nemelex Xobeh

Annotations:
D:3 Ijyb


Innate Abilities, Weirdness & Mutations

You have a pair of small antennae on your head.
You are mostly covered in thin metallic scales. (AC +3)
A weak demonic guardian rushes to your aid.


Message History

You feel sick.
Ijyb zaps a wand.
The puff of flame hits you!
* * * LOW HITPOINT WARNING * * *
Okay, then.
* * * LOW HITPOINT WARNING * * *
You feel sick.
Your quasit closely misses Ijyb.
Your quasit claws Ijyb.
Your quasit completely misses Ijyb.
Ijyb zaps a wand.
The puff of flame hits you.
* * * LOW HITPOINT WARNING * * *
Your quasit bites Ijyb but does no damage.
Your quasit barely misses Ijyb.
Your quasit completely misses Ijyb.
* * * LOW HITPOINT WARNING * * *
You feel sick. The rat barely misses your quasit.
The kobold misses your quasit.
It was a potion of curing.
You feel better.
The rat twitches its whiskers.
Ijyb hits you but does no damage.
You are poisoned.
* * * LOW HITPOINT WARNING * * *
You feel sick.
Ijyb zaps a wand.
The puff of flame hits you!
You die...

#. #.# #.# ##
#..###.###
#####.##.....
..!...#.#.#
##..#...#########
#.#......@......####.#
#..#....####....<...#
###.####.##.#g#
###.####.#
.......<.##.#5#
#.≈÷÷♣##
#.#########.#.#
##≈.♣≈≈.#
#.#.###..P≈≈..#
#.#r##..###.#....
###.#K##..###.....#
..#.w.....###.#..#


You could see Ijyb (fast), a kobold, a rat and a friendly quasit (summoned).

Vanquished Creatures
  A worker ant (D:2)
  A gnoll (D:1)
  4 adders (D:2)
  An ooze (D:1)
  A worm (D:2)
  4 dart slugs
  A leopard gecko (D:2)
  A ball python (D:2)
  5 bats
  A giant cockroach (D:2)
  6 goblins
  5 hobgoblins
  6 jackals (D:1)
  2 quokkas
  4 frilled lizards
  7 kobolds
  15 rats
65 creatures vanquished.

Vanquished Creatures (collateral kills)
  A phantom (D:3)
1 creature vanquished.

Grand Total: 66 creatures vanquished

Notes
Turn   | Place    | Note
-------+----------+-------------------------------------------
     0 | D:1      | wullow the Demonspawn Fighter began the quest for the Orb.
     0 | D:1      | Reached XP level 1. HP: 18/18 MP: 1/1
   184 | D:1      | Gained mutation: You are partially covered in thin metallic
                  | scales. (AC +2) [demonic ancestry]
   184 | D:1      | Reached XP level 2. HP: 24/24 MP: 2/2
   482 | D:1      | Reached skill level 3 in Shields
   722 | D:1      | Gained mutation: You have a pair of small antennae on your
                  | head. [demonic ancestry]
   722 | D:1      | Reached XP level 3. HP: 25/29 MP: 3/3
  1196 | D:2      | Gained mutation: A weak demonic guardian rushes to your
                  | aid. [demonic ancestry]
  1196 | D:2      | Reached XP level 4. HP: 25/35 MP: 4/4
  1533 | D:2      | Found a sparkling altar of Nemelex Xobeh.
  1655 | D:2      | Found an opulent altar of Gozag.
  1776 | D:2      | Found a snail-covered altar of Cheibriados.
  2020 | D:2      | Gained mutation: You are mostly covered in thin metallic
                  | scales. (AC +3) [demonic ancestry]
  2020 | D:2      | Reached XP level 5. HP: 35/41 MP: 5/5
  2174 | D:3      | Noticed a phantom
  2215 | D:3      | Killed a phantom
  2215 | D:3      | Reached skill level 4 in Shields
  2377 | D:3      | Noticed Ijyb
  2389 | D:3      | HP: 2/42 [Ijyb/puff of flame (3)]
  2393 | D:3      | Killed from afar by Ijyb

Illustrated notes

Levels and vault maps discovered:
D:1:      lightli_arrival_flooded_house, layout_basic, hangedman_feature_mirror
D:2:      layout_basic, nicolae_gozag_cash_rules_everything_around_me,
          nemelex_xobeh_ov_fountains_minmay, kennysheep_slug_shrine
D:3:      layout_loops_ring, nicolae_overflow_hidden_temple,
          biasface_ghost_orc_armoury, moated_statue, serial_bayou_pond_e,
          uniq_ijyb

Skill      XL: |  1  2  3  4  5 |
---------------+----------------+-----
Short Blades   | 2 3 |  3.5
Shields        | 3 4 |  4.1
Armour         | 3 |  3.0
Fighting       | |  3.7

Action                   |  1- 3 |  4- 6 || total
-------------------------+-------+-------++-------
Melee: Rapier            |   117 |   109 ||   226
Throw: Dart              |     3 |       ||     3
  Use: Potion            |       |     1 ||     1
  Eat: Chunk             |     1 |     4 ||     5
Armor: Scale mail        |    65 |    38 ||   103
Dodge: Dodged            |    32 |    21 ||    53
Block: Kite shield       |    73 |    44 ||   117

Table legend:
 A = Non-vault XP
 B = Vault XP
 C = Vault XP percentage of total XP
 D = Non-vault monster count
 E = Vault monster count
 F = Vault count percentage of total count
                 A         B        C        D         E       F
            +---------+---------+-------+---------+---------+-------
      Total |     302 |       4 |   1.3 |      65 |       1 |   1.5
            +---------+---------+-------+---------+---------+-------
        D:1 |      71 |       0 |   0.0 |      34 |       0 |   0.0
        D:2 |     129 |       4 |   3.0 |      28 |       1 |   3.4
        D:3 |     102 |       0 |   0.0 |       3 |       0 |   0.0
            +---------+---------+-------+---------+---------+-------
